Senators vs Wolfes
Created - April 16, 2020 at 19:24
Goals
|
| Senators |
0 |
1 |
4 |
5 |
| Wolfes |
1 |
0 |
1 |
2 |
|
Shots
|
| Senators |
6 |
5 |
17 |
28 |
| Wolfes |
14 |
6 |
16 |
36 |
|
1st period
1. Wolfes , Chris Tierney 29 (Blake Pietila 52) at 2:15 (PP)
Penalties :
Mason Geertsen (BIN) for Tripping (Minor) at 2:03, Martin Hanzal (RIM) for Holding (Minor) at 2:37, Blake Pietila (RIM) for Tripping (Minor) at 13:10
2nd period
2. Senators , Michal Repik 14 (Scott Harrington 39) at 10:54
Penalties :
Scott Harrington (BIN) for Goalie Interference (Minor) at 0:22, Keegan Lowe (BIN) for Holding (Minor) at 11:16, Scott Harrington (BIN) for Hooking (Minor) at 16:21, Patrick Maroon (BIN) for Interference (Minor) at 19:17
3rd period
3. Senators , Tomas Jurco 32 (Jan Mursak 36, Chandler Stephenson 38) at 3:33
4. Senators , Nick Foligno 52 (Matt Frattin 63, Zemgus Girgensons 60) at 3:39
5. Wolfes , Victor Olofsson 10 (Martin Hanzal 57, Jeffrey Foss 26) at 13:31
6. Senators , Jan Mursak 36 (Tomas Jurco 33, Chandler Stephenson 39) at 13:45
7. Senators , Scott Harrington 6 (Grant Besse 7, Keegan Lowe 37) at 19:55
Penalties :
Adam Ollas-Mattsson (BIN) for Holding (Minor) at 5:30, Anton Karlsson (RIM) for Holding (Minor) at 6:03, Vladimir Zharkov (RIM) for Diving (Minor) at 17:44
Goalie Stats
Justin Peters (BIN), 34 saves from 36 shots - (0.944), W, 28-22-5, 60:00 minutes
Laurent Brossoit (RIM), 23 saves from 28 shots - (0.821), L, 29-21-3, 60:00 minutes
Players Stats for Senators
Player Name G A P +/- PIM S H SB GA TA FO MP PP MP PK MP
------------------------------------------------------------------------------------
Adam Ollas-Mattsson 0 0 0 0 2 1 4 0 0 0 0/0 23:26 2:32 4:29
Andy Andreoff 0 0 0 0 0 1 3 1 0 0 0/0 14:57 0:00 2:53
Blake Coleman 0 0 0 0 0 0 2 0 1 0 1/2 7:38 0:00 0:00
Brett Bulmer 0 0 0 1 0 0 0 0 0 0 0/1 0:34 0:05 0:00
Chandler Stephenson 0 2 2 2 0 1 5 1 1 0 9/13 15:26 3:20 0:00
Grant Besse 0 1 1 1 0 0 0 0 0 0 0/0 7:55 0:05 0:00
Jake Evans 0 0 0 1 0 2 0 0 0 0 0/4 10:39 0:00 0:00
Jan Mursak 1 1 2 2 0 6 1 0 0 0 0/1 18:06 3:20 2:24
Keegan Lowe 0 1 1 4 2 1 2 2 0 0 0/0 26:52 3:59 4:10
Mason Geertsen 0 0 0 0 2 1 3 3 0 0 0/0 25:00 2:31 4:07
Matt Frattin 0 1 1 0 0 0 3 0 1 0 1/1 21:52 3:05 5:07
Maxim Letunov 0 0 0 0 0 0 0 0 0 0 0/0 1:40 0:00 1:37
Michal Repik 1 0 1 1 0 3 1 1 0 0 0/0 10:39 0:00 0:00
Nick Foligno 1 0 1 0 0 2 1 1 1 0 5/13 22:04 3:05 5:18
Patrick Maroon 0 0 0 0 2 2 2 0 0 0 0/0 7:39 0:00 0:00
Pontus Sjalin 0 0 0 0 0 0 1 0 0 1 0/0 13:38 0:00 2:09
Scott Harrington 1 1 2 5 4 2 1 1 1 2 0/0 29:00 3:59 2:27
Tomas Jurco 1 1 2 2 0 4 2 0 0 2 0/0 15:26 3:20 0:00
Warren Foegele 0 0 0 1 0 0 0 0 0 0 0/0 0:34 0:05 0:00
Zemgus Girgensons 0 1 1 0 0 2 2 0 0 0 9/19 16:42 3:04 0:03
Players Stats for Wolfes
Player Name G A P +/- PIM S H SB GA TA FO MP PP MP PK MP
------------------------------------------------------------------------------------
Alexandre Grenier 0 0 0 -2 0 5 0 0 0 0 0/0 13:54 0:11 2:59
Anton Karlsson 0 0 0 -1 2 0 2 0 0 0 0/0 13:59 3:42 0:00
Anton Lindholm 0 0 0 -2 0 1 1 0 0 0 0/0 20:23 0:27 3:16
Benn Ferriero 0 0 0 -1 0 2 0 0 1 1 1/2 17:19 3:51 3:13
Blake Pietila 0 1 1 -1 2 3 3 0 1 0 0/2 14:11 4:17 0:00
Chris Tierney 1 0 1 -2 0 3 2 0 0 0 7/10 18:31 4:11 3:03
Jamie Oleksiak 0 0 0 -1 0 1 2 0 0 1 0/0 17:53 3:33 0:00
Jeffrey Foss 0 1 1 -1 0 0 1 0 0 1 0/0 20:13 3:33 3:14
Joe Morrow 0 0 0 -1 0 2 2 3 0 1 0/0 21:13 5:08 0:07
Kyle Rau 0 0 0 -1 0 2 1 1 0 0 7/10 11:13 0:00 0:00
Martin Hanzal 0 1 1 0 2 2 4 0 0 0 11/21 18:50 4:24 2:15
Michael Stone 0 0 0 -1 0 1 2 0 0 0 0/0 22:05 4:41 3:14
Scott Timmins 0 0 0 -1 0 1 0 1 0 0 2/6 10:07 0:00 0:00
Sergei Plotnikov 0 0 0 0 0 4 0 0 0 0 0/1 16:20 4:24 0:14
Victor Olofsson 1 0 1 0 0 1 0 1 0 0 0/1 12:50 1:02 0:00
Vladimir Zharkov 0 0 0 -2 2 3 1 0 0 1 0/0 12:09 0:00 0:04
Wes O'Neill 0 0 0 -2 0 2 2 0 3 0 0/0 18:13 0:00 3:09
Zachary Sanford 0 0 0 -1 0 3 0 0 0 0 1/1 12:37 0:00 1:12
3 Stars
1 - Tomas Jurco (BIN)
2 - Chandler Stephenson (BIN)
3 - Scott Harrington (BIN)
Power Play
Senators - 0 on 4 Attempt(s) - 0.00%
Wolfes - 1 on 6 Attempt(s) - 16.67%
Penalty Kill
Senators - 5 on 6 Attempt(s) - 83.33%
- Score 0 goal in Penalty Kill
Wolfes - 4 on 4 Attempt(s) - 100.00%
- Score 0 goal in Penalty Kill
Team Stat
Senators - Hits : 33 - Faceoff Wins : 25 - Blocked Shots : 10 - Penalty Minutes : 12
Wolfes - Hits : 23 - Faceoff Wins : 29 - Blocked Shots : 6 - Penalty Minutes : 8
Official
Referees : Unknown
Linesman : Unknown
Game Notes
No Game Note
Finance
Level 1 -- Attendance: 1348 (67.40%) -- Ticket Income $53,920
Level 2 -- Attendance: 661 (66.10%) -- Ticket Income $13,220
Total Attendance: 2009 (66.97%)
Total Ticket Income: $67,140
Other Income: $3,357
Total Income: $70,497
Senators
5 vs 5 Forward
Center Left Wing Right Wing Time % Phy DF OF
1 Zemgus Girgensons Nick Foligno Matt Frattin 40 1 2 2
2 Chandler Stephenson Jan Mursak Tomas Jurco 30 1 2 2
3 Jake Evans Andy Andreoff Michal Repik 20 1 2 2
4 Blake Coleman Patrick Maroon Grant Besse 10 1 2 2
5 vs 5 Defense
Defense Defense Time % Phy DF OF
1 Scott Harrington Keegan Lowe 40 1 2 2
2 Mason Geertsen Adam Ollas-Mattsson 30 1 2 2
3 Pontus Sjalin Scott Harrington 20 1 2 2
4 Keegan Lowe Mason Geertsen 10 1 2 2
PowerPlay Forward
Center Left Wing Right Wing Time % Phy DF OF
1 Zemgus Girgensons Nick Foligno Matt Frattin 60 1 2 2
2 Chandler Stephenson Jan Mursak Tomas Jurco 40 1 2 2
PowerPlay Defense
Defense Defense Time % Phy DF OF
1 Scott Harrington Keegan Lowe 60 1 2 2
2 Mason Geertsen Adam Ollas-Mattsson 40 1 2 2
Penalty Kill 4 Players Forward
Center Wing Time % Phy DF OF
1 Nick Foligno Matt Frattin 60 1 2 2
2 Jan Mursak Andy Andreoff 40 1 2 2
Penalty Kill 4 Players Defense
Defense Defense Time % Phy DF OF
1 Scott Harrington Keegan Lowe 60 1 2 2
2 Mason Geertsen Adam Ollas-Mattsson 40 1 2 2
Penalty Kill - 3 Players Forward
Forward Time % Phy DF OF
1 Nick Foligno 60 1 2 2
2 Matt Frattin 40 1 2 2
Penalty Kill - 3 Players Defense
Defense Defense Time % Phy DF OF
1 Scott Harrington Keegan Lowe 60 1 2 2
2 Mason Geertsen Adam Ollas-Mattsson 40 1 2 2
4 vs 4 Forward
Center Wing Time % Phy DF OF
1 Nick Foligno Matt Frattin 60 1 2 2
2 Jan Mursak Andy Andreoff 40 1 2 2
4 vs 4 Defense
Defense Defense Time % Phy DF OF
1 Scott Harrington Keegan Lowe 60 1 2 2
2 Mason Geertsen Adam Ollas-Mattsson 40 1 2 2
Last Minutes Offensive
Center Left Wing Right Wing Defense Defense
Zemgus Girgensons Nick Foligno Matt Frattin Scott Harrington Keegan Lowe
Last Minutes Defensive
Center Left Wing Right Wing Defense Defense
Zemgus Girgensons Nick Foligno Matt Frattin Scott Harrington Keegan Lowe
Goaltenders
Starting : Justin Peters
Backup : Stephon Williams
Extra Forwards
Normal : Brett Bulmer, Warren Foegele, Maxim Letunov - PP : Brett Bulmer, Warren Foegele - PK : Maxim Letunov
Extra Defensemen
Normal : Pontus Sjalin, Adam Ollas-Mattsson, Scott Harrington - PP : Pontus Sjalin - PK : Adam Ollas-Mattsson, Scott Harrington
Penalty Shots
Nick Foligno, Matt Frattin, Jan Mursak, Andy Andreoff, Patrick Maroon
Scratches
Dylan Blujus (Healthy), Jack Dougherty (Broken Left Thumb Injury), Keven Bouchard (Healthy)
Wolfes
5 vs 5 Forward
Center Left Wing Right Wing Time % Phy DF OF
1 Chris Tierney Anton Karlsson Benn Ferriero 25 1 2 2
2 Scott Timmins Blake Pietila Alexandre Grenier 25 1 2 2
3 Martin Hanzal Sergei Plotnikov Victor Olofsson 25 1 2 2
4 Kyle Rau Zachary Sanford Vladimir Zharkov 25 1 2 2
5 vs 5 Defense
Defense Defense Time % Phy DF OF
1 Wes O'Neill Michael Stone 30 1 2 2
2 Joe Morrow Anton Lindholm 30 1 2 2
3 Jamie Oleksiak Jeffrey Foss 30 1 2 2
4 Joe Morrow Anton Lindholm 10 1 2 2
PowerPlay Forward
Center Left Wing Right Wing Time % Phy DF OF
1 Chris Tierney Blake Pietila Anton Karlsson 50 1 2 2
2 Martin Hanzal Sergei Plotnikov Benn Ferriero 50 1 2 2
PowerPlay Defense
Defense Defense Time % Phy DF OF
1 Michael Stone Joe Morrow 60 1 2 2
2 Jeffrey Foss Jamie Oleksiak 40 1 2 2
Penalty Kill 4 Players Forward
Center Wing Time % Phy DF OF
1 Chris Tierney Alexandre Grenier 50 1 2 2
2 Martin Hanzal Benn Ferriero 50 1 2 2
Penalty Kill 4 Players Defense
Defense Defense Time % Phy DF OF
1 Anton Lindholm Wes O'Neill 50 1 2 2
2 Jeffrey Foss Michael Stone 50 1 2 2
Penalty Kill - 3 Players Forward
Forward Time % Phy DF OF
1 Martin Hanzal 50 1 2 2
2 Chris Tierney 50 1 2 2
Penalty Kill - 3 Players Defense
Defense Defense Time % Phy DF OF
1 Anton Lindholm Michael Stone 60 1 2 2
2 Wes O'Neill Joe Morrow 40 1 2 2
4 vs 4 Forward
Center Wing Time % Phy DF OF
1 Martin Hanzal Victor Olofsson 50 1 2 2
2 Chris Tierney Anton Karlsson 50 1 2 2
4 vs 4 Defense
Defense Defense Time % Phy DF OF
1 Joe Morrow Anton Lindholm 50 1 2 2
2 Wes O'Neill Jamie Oleksiak 50 1 2 2
Last Minutes Offensive
Center Left Wing Right Wing Defense Defense
Martin Hanzal Blake Pietila Victor Olofsson Jamie Oleksiak Joe Morrow
Last Minutes Defensive
Center Left Wing Right Wing Defense Defense
Chris Tierney Sergei Plotnikov Alexandre Grenier Anton Lindholm Joe Morrow
Goaltenders
Starting : Laurent Brossoit
Backup : Jeremy Smith
Extra Forwards
Normal : Vladimir Zharkov, Kyle Rau, Zachary Sanford - PP : Victor Olofsson, Benn Ferriero - PK : Zachary Sanford
Extra Defensemen
Normal : Joe Morrow, Anton Lindholm, Michael Stone - PP : Anton Lindholm - PK : Anton Lindholm, Wes O'Neill
Penalty Shots
Benn Ferriero, Victor Olofsson, Alexandre Grenier, Blake Pietila, Sergei Plotnikov
Scratches
Christophe Lalancette (Healthy), Charles-Olivier Roussel (Healthy), Klas Dahlbeck (Healthy), Matt Grzelcyk (Healthy), Remi Elie (Healthy)
Jyrki Jokipakka (Healthy), Thomas Spelling (Healthy), Nicolas Deschamps (Healthy), Angelo Esposito (Healthy), Pavel Kraskovsky (Healthy)
Louis Belpedio (Healthy), Jacob Lagacé (Healthy), Cameron Darcy (Healthy), Joonas Lyytinen (Healthy), Fredrik Olofsson (Healthy)
Nolan Vesey (Healthy), Vaclav Karabacek (Healthy), Kyle Pettit (Healthy), Dylan Sadowy (Healthy), Ebbe Siönäs (Healthy)
Sami Aittokallio (Healthy)
% Time on Ice - Senators
Lines # - Real PCT - Wanted PCT - Time Play
Normal Forward
1 - 30% - 40% - 12:58
2 - 28% - 30% - 12:08
3 - 25% - 20% - 10:39
4 - 18% - 10% - 7:38
Normal Defense
1 - 42% - 40% - 18:06
2 - 34% - 30% - 14:53
3 - 20% - 20% - 8:36
4 - 4% - 10% - 1:48
PP Forward
1 - 49% - 60% - 3:10
2 - 51% - 40% - 3:20
PP Defense
1 - 61% - 60% - 3:59
2 - 39% - 40% - 2:31
PK Forward
1 - 75% - 60% - 6:31
2 - 25% - 40% - 2:10
PK Defense
1 - 71% - 60% - 6:11
2 - 29% - 40% - 2:30
PK3 Forward
1 - 0% - 60%
2 - 0% - 40%
PK3 Defense
1 - 0% - 60%
2 - 0% - 40%
44 Forward
1 - 86% - 60% - 1:14
2 - 14% - 40% - 0:12
44 Defense
1 - 48% - 60% - 0:41
2 - 52% - 40% - 0:45
Last Minute Offensive - 0:00
Last Minute Defensive - 0:00
Total
Forward - 60:00
Defense - 60:00
|
% Time on Ice - Wolfes
Lines # - Real PCT - Wanted PCT - Time Play
Normal Forward
1 - 24% - 25% - 10:34
2 - 24% - 25% - 10:30
3 - 26% - 25% - 11:09
4 - 26% - 25% - 11:10
Normal Defense
1 - 35% - 30% - 15:10
2 - 30% - 30% - 13:09
3 - 31% - 30% - 13:25
4 - 4% - 10% - 1:39
PP Forward
1 - 49% - 50% - 4:17
2 - 51% - 50% - 4:24
PP Defense
1 - 59% - 60% - 5:08
2 - 41% - 40% - 3:33
PK Forward
1 - 49% - 50% - 3:13
2 - 51% - 50% - 3:17
PK Defense
1 - 50% - 50% - 3:16
2 - 50% - 50% - 3:14
PK3 Forward
1 - 0% - 50%
2 - 0% - 50%
PK3 Defense
1 - 0% - 60%
2 - 0% - 40%
44 Forward
1 - 45% - 50% - 0:39
2 - 55% - 50% - 0:47
44 Defense
1 - 62% - 50% - 0:53
2 - 38% - 50% - 0:33
Last Minute Offensive - 0:00
Last Minute Defensive - 0:00
Total
Forward - 60:00
Defense - 60:00
|
Play-by-Play
1st period
0:01 of 1st period - Chris Tierney wins face-off versus Zemgus Girgensons in neutral zone.
0:06 of 1st period - Wrist shot by Benn Ferriero.
0:06 of 1st period - Shot Blocked by Keegan Lowe.
0:08 of 1st period - Slapshot by Wes O'Neill.
0:08 of 1st period - Shot Blocked by Nick Foligno.
0:12 of 1st period - Snap shot by Benn Ferriero.
0:12 of 1st period - Stopped by Justin Peters with a rebound.
0:46 of 1st period - Anton Lindholm is hit by Scott Harrington and loses puck.
1:30 of 1st period - Wrist shot by Matt Frattin.
1:30 of 1st period - Shot Blocked by Kyle Rau.
1:48 of 1st period - Blake Pietila is hit by Tomas Jurco and loses puck.
2:03 of 1st period - Minor Penalty to Mason Geertsen for Tripping.
2:04 of 1st period - Chris Tierney wins face-off versus Nick Foligno in Senators zone.
2:13 of 1st period - Wrist shot by Blake Pietila.
2:13 of 1st period - Shot Misses the Net.
2:15 of 1st period - Slapshot by Chris Tierney.
2:15 of 1st period - Goal by Chris Tierney - Senators : 0 - Wolfes : 1.
2:16 of 1st period - Zemgus Girgensons wins face-off versus Martin Hanzal in neutral zone.
2:37 of 1st period - Minor Penalty to Martin Hanzal for Holding.
2:38 of 1st period - Chris Tierney wins face-off versus Zemgus Girgensons in Wolfes zone.
3:13 of 1st period - Snap shot by Tomas Jurco.
3:13 of 1st period - Stopped by Laurent Brossoit with a rebound.
3:25 of 1st period - Snap shot by Alexandre Grenier.
3:25 of 1st period - Stopped by Justin Peters without a rebound.
3:26 of 1st period - Zachary Sanford wins face-off versus Zemgus Girgensons in Senators zone.
3:51 of 1st period - Wrist shot by Jan Mursak.
3:51 of 1st period - Stopped by Laurent Brossoit with a rebound.
4:11 of 1st period - Wes O'Neill is hit by Nick Foligno and loses puck.
4:37 of 1st period - Penalty to Martin Hanzal is over, Martin Hanzal is back on ice.
4:51 of 1st period - Snap shot by Sergei Plotnikov.
4:51 of 1st period - Stopped by Justin Peters with a rebound.
5:34 of 1st period - Scott Harrington is hit by Martin Hanzal and loses puck.
6:06 of 1st period - Snap shot by Jake Evans.
6:06 of 1st period - Stopped by Laurent Brossoit with a rebound.
6:12 of 1st period - Wrist shot by Michal Repik.
6:12 of 1st period - Stopped by Laurent Brossoit without a rebound.
6:13 of 1st period - Kyle Rau wins face-off versus Zemgus Girgensons in Wolfes zone.
6:13 of 1st period - Kyle Rau is hit by Matt Frattin.
6:59 of 1st period - Blake Pietila is hit by Patrick Maroon and loses puck.
7:08 of 1st period - Mason Geertsen is hit by Blake Pietila and loses puck.
9:14 of 1st period - Matt Frattin is hit by Blake Pietila and loses puck.
9:59 of 1st period - Jamie Oleksiak is hit by Andy Andreoff and loses puck.
10:23 of 1st period - Wrist shot by Patrick Maroon.
10:23 of 1st period - Stopped by Laurent Brossoit without a rebound.
10:24 of 1st period - Chandler Stephenson wins face-off versus Blake Pietila in Wolfes zone.
10:31 of 1st period - Andy Andreoff is hit by Wes O'Neill and loses puck.
10:38 of 1st period - Slapshot by Scott Timmins.
10:38 of 1st period - Deflect By Alexandre Grenier.
10:38 of 1st period - Stopped by Justin Peters with a rebound.
10:40 of 1st period - Snap shot by Alexandre Grenier.
10:40 of 1st period - Stopped by Justin Peters without a rebound.
10:41 of 1st period - Matt Frattin wins face-off versus Kyle Rau in Senators zone.
11:29 of 1st period - Andy Andreoff is hit by Martin Hanzal.
12:20 of 1st period - Snap shot by Nick Foligno.
12:20 of 1st period - Stopped by Laurent Brossoit without a rebound.
12:21 of 1st period - Kyle Rau wins face-off versus Chandler Stephenson in Wolfes zone.
12:34 of 1st period - Slapshot by Kyle Rau.
12:34 of 1st period - Stopped by Justin Peters without a rebound.
12:35 of 1st period - Chandler Stephenson wins face-off versus Scott Timmins in Senators zone.
12:40 of 1st period - Wrist shot by Jan Mursak.
12:40 of 1st period - Shot Misses the Net.
13:00 of 1st period - Anton Lindholm is hit by Patrick Maroon and loses puck.
13:05 of 1st period - Snap shot by Patrick Maroon.
13:05 of 1st period - Shot Blocked by Joe Morrow.
13:10 of 1st period - Minor Penalty to Blake Pietila for Tripping.
13:11 of 1st period - Martin Hanzal wins face-off versus Zemgus Girgensons in Wolfes zone.
13:43 of 1st period - Snap shot by Alexandre Grenier.
13:43 of 1st period - Stopped by Justin Peters with a rebound.
13:45 of 1st period - Snap shot by Chris Tierney.
13:45 of 1st period - Stopped by Justin Peters with a rebound.
13:57 of 1st period - Wes O'Neill is hit by Zemgus Girgensons and loses puck.
14:34 of 1st period - Michael Stone is hit by Keegan Lowe and loses puck.
15:03 of 1st period - Slapshot by Martin Hanzal.
15:03 of 1st period - Stopped by Justin Peters without a rebound.
15:04 of 1st period - Chandler Stephenson wins face-off versus Sergei Plotnikov in Senators zone.
15:10 of 1st period - Penalty to Blake Pietila is over, Blake Pietila is back on ice.
15:21 of 1st period - Keegan Lowe is hit by Wes O'Neill.
15:24 of 1st period - Off-side.
15:25 of 1st period - Benn Ferriero wins face-off versus Zemgus Girgensons in neutral zone.
15:37 of 1st period - Snap shot by Zemgus Girgensons.
15:37 of 1st period - Shot Hit the Post.
16:16 of 1st period - Joe Morrow is hit by Blake Coleman and loses puck.
16:31 of 1st period - Anton Lindholm is hit by Chandler Stephenson and loses puck.
16:38 of 1st period - Wrist shot by Martin Hanzal.
16:38 of 1st period - Shot Misses the Net.
17:16 of 1st period - Slapshot by Zemgus Girgensons.
17:16 of 1st period - Shot Misses the Net.
17:22 of 1st period - Mason Geertsen is hit by Vladimir Zharkov and loses puck.
17:39 of 1st period - Wrist shot by Blake Pietila.
17:39 of 1st period - Stopped by Justin Peters without a rebound.
17:40 of 1st period - Scott Timmins wins face-off versus Blake Coleman in Senators zone.
17:49 of 1st period - Snap shot by Scott Timmins.
17:49 of 1st period - Stopped by Justin Peters with a rebound.
17:51 of 1st period - Slapshot by Wes O'Neill.
17:51 of 1st period - Deflect By Blake Pietila.
17:51 of 1st period - Shot Misses the Net.
17:51 of 1st period - Puck is out of play.
17:52 of 1st period - Zemgus Girgensons wins face-off versus Chris Tierney in Senators zone.
17:52 of 1st period - Zemgus Girgensons is hit by Chris Tierney.
18:02 of 1st period - Scott Harrington is hit by Jamie Oleksiak and loses puck.
18:32 of 1st period - Icing by Scott Harrington.
18:33 of 1st period - Scott Timmins wins face-off versus Chandler Stephenson in Senators zone.
19:17 of 1st period - Slapshot by Alexandre Grenier.
19:17 of 1st period - Stopped by Justin Peters without a rebound.
19:18 of 1st period - Chris Tierney wins face-off versus Zemgus Girgensons in Senators zone.
19:19 of 1st period - Wrist shot by Benn Ferriero.
19:19 of 1st period - Stopped by Justin Peters with a rebound.
19:25 of 1st period - Chris Tierney is hit by Mason Geertsen and loses puck.
19:32 of 1st period - Wrist shot by Matt Frattin.
19:32 of 1st period - Shot Misses the Net.
19:34 of 1st period - Wrist shot by Nick Foligno.
19:34 of 1st period - Shot Misses the Net.
19:44 of 1st period - Andy Andreoff is hit by Michael Stone and loses puck.
19:55 of 1st period - Wes O'Neill is hit by Adam Ollas-Mattsson and loses puck.
Goals for this period are 0 for Senators vs 1 for Wolfes.
Shots for this period are 6 for Senators vs 14 for Wolfes.
2nd period
0:01 of 2nd period - Kyle Rau wins face-off versus Zemgus Girgensons in neutral zone.
0:08 of 2nd period - Wrist shot by Zachary Sanford.
0:08 of 2nd period - Stopped by Justin Peters with a rebound.
0:10 of 2nd period - Wrist shot by Zachary Sanford.
0:10 of 2nd period - Shot Misses the Net.
0:12 of 2nd period - Slapshot by Vladimir Zharkov.
0:12 of 2nd period - Shot Misses the Net.
0:16 of 2nd period - Slapshot by Vladimir Zharkov.
0:16 of 2nd period - Stopped by Justin Peters with a rebound.
0:22 of 2nd period - Minor Penalty to Scott Harrington for Goalie Interference.
0:23 of 2nd period - Nick Foligno wins face-off versus Martin Hanzal in Senators zone.
0:48 of 2nd period - Adam Ollas-Mattsson is hit by Anton Karlsson and loses puck.
2:22 of 2nd period - Penalty to Scott Harrington is over, Scott Harrington is back on ice.
2:32 of 2nd period - Wrist shot by Jan Mursak.
2:32 of 2nd period - Stopped by Laurent Brossoit with a rebound.
2:34 of 2nd period - Slapshot by Chandler Stephenson.
2:34 of 2nd period - Stopped by Laurent Brossoit with a rebound.
2:36 of 2nd period - Wrist shot by Jan Mursak.
2:36 of 2nd period - Shot Blocked by Joe Morrow.
4:25 of 2nd period - Matt Frattin is hit by Jamie Oleksiak and loses puck.
5:47 of 2nd period - Zemgus Girgensons is hit by Joe Morrow and loses puck.
5:56 of 2nd period - Snap shot by Zachary Sanford.
5:56 of 2nd period - Stopped by Justin Peters without a rebound.
5:57 of 2nd period - Chandler Stephenson wins face-off versus Martin Hanzal in Senators zone.
6:02 of 2nd period - Joe Morrow is hit by Chandler Stephenson and loses puck.
6:54 of 2nd period - Joe Morrow is hit by Mason Geertsen and loses puck.
7:33 of 2nd period - Anton Lindholm is hit by Tomas Jurco and loses puck.
8:19 of 2nd period - Slapshot by Blake Pietila.
8:19 of 2nd period - Deflect By Alexandre Grenier.
8:19 of 2nd period - Shot Misses the Net.
8:19 of 2nd period - Puck is out of play.
8:20 of 2nd period - Zemgus Girgensons wins face-off versus Scott Timmins in Senators zone.
8:29 of 2nd period - Michael Stone is hit by Zemgus Girgensons and loses puck.
8:50 of 2nd period - Michael Stone is hit by Jan Mursak and loses puck.
9:05 of 2nd period - Slapshot by Wes O'Neill.
9:05 of 2nd period - Deflect By Grant Besse.
9:05 of 2nd period - Stopped by Justin Peters with a rebound.
9:15 of 2nd period - Anton Karlsson is hit by Adam Ollas-Mattsson and loses puck.
9:51 of 2nd period - Wrist shot by Chris Tierney.
9:51 of 2nd period - Shot Misses the Net.
9:59 of 2nd period - Snap shot by Wes O'Neill.
9:59 of 2nd period - Shot Blocked by Michal Repik.
10:26 of 2nd period - Slapshot by Andy Andreoff.
10:26 of 2nd period - Shot Misses the Net.
10:28 of 2nd period - Snap shot by Michal Repik.
10:28 of 2nd period - Stopped by Laurent Brossoit with a rebound.
10:30 of 2nd period - Slapshot by Jake Evans.
10:30 of 2nd period - Shot Misses the Net.
10:32 of 2nd period - Snap shot by Jake Evans.
10:32 of 2nd period - Shot Misses the Net.
10:54 of 2nd period - Slapshot by Michal Repik.
10:54 of 2nd period - Goal by Michal Repik - Senators : 1 - Wolfes : 1.
10:55 of 2nd period - Zemgus Girgensons wins face-off versus Martin Hanzal in neutral zone.
11:00 of 2nd period - Slapshot by Keegan Lowe.
11:00 of 2nd period - Shot Blocked by Joe Morrow.
11:06 of 2nd period - Snap shot by Sergei Plotnikov.
11:06 of 2nd period - Stopped by Justin Peters with a rebound.
11:08 of 2nd period - Wrist shot by Sergei Plotnikov.
11:08 of 2nd period - Stopped by Justin Peters with a rebound.
11:16 of 2nd period - Minor Penalty to Keegan Lowe for Holding.
11:17 of 2nd period - Martin Hanzal wins face-off versus Nick Foligno in Senators zone.
11:42 of 2nd period - Nick Foligno is hit by Martin Hanzal and loses puck.
12:05 of 2nd period - Benn Ferriero is hit by Andy Andreoff and loses puck.
12:10 of 2nd period - Slapshot by Jan Mursak.
12:10 of 2nd period - Stopped by Laurent Brossoit without a rebound.
12:11 of 2nd period - Martin Hanzal wins face-off versus Jan Mursak in Wolfes zone.
13:16 of 2nd period - Penalty to Keegan Lowe is over, Keegan Lowe is back on ice.
13:58 of 2nd period - Blake Pietila is hit by Andy Andreoff and loses puck.
14:34 of 2nd period - Jeffrey Foss is hit by Chandler Stephenson and loses puck.
15:35 of 2nd period - Benn Ferriero is hit by Pontus Sjalin and loses puck.
15:46 of 2nd period - Jeffrey Foss is hit by Chandler Stephenson and loses puck.
15:59 of 2nd period - Joe Morrow is hit by Blake Coleman and loses puck.
16:03 of 2nd period - Icing by Alexandre Grenier.
16:04 of 2nd period - Blake Coleman wins face-off versus Blake Pietila in Wolfes zone.
16:21 of 2nd period - Minor Penalty to Scott Harrington for Hooking.
16:22 of 2nd period - Martin Hanzal wins face-off versus Nick Foligno in Senators zone.
16:23 of 2nd period - Slapshot by Joe Morrow.
16:23 of 2nd period - Shot Misses the Net.
17:00 of 2nd period - Chris Tierney is hit by Mason Geertsen and loses puck.
17:31 of 2nd period - Pontus Sjalin is hit by Chris Tierney and loses puck.
18:21 of 2nd period - Penalty to Scott Harrington is over, Scott Harrington is back on ice.
19:17 of 2nd period - Minor Penalty to Patrick Maroon for Interference.
19:18 of 2nd period - Nick Foligno wins face-off versus Martin Hanzal in Senators zone.
Goals for this period are 1 for Senators vs 0 for Wolfes.
Shots for this period are 5 for Senators vs 6 for Wolfes.
3rd period
0:01 of 3rd period - Chris Tierney wins face-off versus Nick Foligno in neutral zone.
0:06 of 3rd period - Wrist shot by Chris Tierney.
0:06 of 3rd period - Deflect By Blake Pietila.
0:06 of 3rd period - Shot Misses the Net.
0:06 of 3rd period - Puck is out of play.
0:07 of 3rd period - Nick Foligno wins face-off versus Chris Tierney in Senators zone.
0:22 of 3rd period - Slapshot by Chris Tierney.
0:22 of 3rd period - Stopped by Justin Peters with a rebound.
0:42 of 3rd period - Snap shot by Jan Mursak.
0:42 of 3rd period - Stopped by Laurent Brossoit without a rebound.
0:43 of 3rd period - Nick Foligno wins face-off versus Martin Hanzal in Wolfes zone.
1:17 of 3rd period - Penalty to Patrick Maroon is over, Patrick Maroon is back on ice.
1:34 of 3rd period - Tomas Jurco is hit by Kyle Rau and loses puck.
1:45 of 3rd period - Slapshot by Keegan Lowe.
1:45 of 3rd period - Stopped by Laurent Brossoit without a rebound.
1:46 of 3rd period - Martin Hanzal wins face-off versus Jake Evans in Wolfes zone.
1:53 of 3rd period - Mason Geertsen is hit by Michael Stone and loses puck.
3:00 of 3rd period - Snap shot by Blake Pietila.
3:00 of 3rd period - Stopped by Justin Peters with a rebound.
3:02 of 3rd period - Snap shot by Alexandre Grenier.
3:02 of 3rd period - Shot Blocked by Chandler Stephenson.
3:04 of 3rd period - Slapshot by Anton Lindholm.
3:04 of 3rd period - Stopped by Justin Peters without a rebound.
3:05 of 3rd period - Martin Hanzal wins face-off versus Zemgus Girgensons in Senators zone.
3:16 of 3rd period - Slapshot by Joe Morrow.
3:16 of 3rd period - Stopped by Justin Peters with a rebound.
3:18 of 3rd period - Snap shot by Joe Morrow.
3:18 of 3rd period - Shot Blocked by Mason Geertsen.
3:20 of 3rd period - Wrist shot by Martin Hanzal.
3:20 of 3rd period - Stopped by Justin Peters without a rebound.
3:21 of 3rd period - Chandler Stephenson wins face-off versus Kyle Rau in Senators zone.
3:27 of 3rd period - Off-side.
3:28 of 3rd period - Chandler Stephenson wins face-off versus Kyle Rau in neutral zone.
3:31 of 3rd period - Wrist shot by Jan Mursak.
3:31 of 3rd period - Shot Misses the Net.
3:33 of 3rd period - Snap shot by Tomas Jurco.
3:33 of 3rd period - Goal by Tomas Jurco - Senators : 2 - Wolfes : 1.
3:34 of 3rd period - Zemgus Girgensons wins face-off versus Martin Hanzal in neutral zone.
3:39 of 3rd period - Snap shot by Nick Foligno.
3:39 of 3rd period - Goal by Nick Foligno - Senators : 3 - Wolfes : 1.
3:40 of 3rd period - Martin Hanzal wins face-off versus Zemgus Girgensons in neutral zone.
5:14 of 3rd period - Slapshot by Sergei Plotnikov.
5:14 of 3rd period - Stopped by Justin Peters with a rebound.
5:16 of 3rd period - Wrist shot by Wes O'Neill.
5:16 of 3rd period - Stopped by Justin Peters with a rebound.
5:18 of 3rd period - Slapshot by Michael Stone.
5:18 of 3rd period - Stopped by Justin Peters with a rebound.
5:20 of 3rd period - Snap shot by Sergei Plotnikov.
5:20 of 3rd period - Shot Blocked by Mason Geertsen.
5:24 of 3rd period - Snap shot by Martin Hanzal.
5:24 of 3rd period - Shot Blocked by Andy Andreoff.
5:30 of 3rd period - Minor Penalty to Adam Ollas-Mattsson for Holding.
5:31 of 3rd period - Martin Hanzal wins face-off versus Nick Foligno in Senators zone.
6:03 of 3rd period - Minor Penalty to Anton Karlsson for Holding.
6:04 of 3rd period - Martin Hanzal wins face-off versus Nick Foligno in Wolfes zone.
6:04 of 3rd period - Martin Hanzal is hit by Matt Frattin.
6:11 of 3rd period - Wrist shot by Victor Olofsson.
6:11 of 3rd period - Shot Misses the Net.
7:02 of 3rd period - Icing by Andy Andreoff.
7:03 of 3rd period - Chris Tierney wins face-off versus Brett Bulmer in Senators zone.
7:30 of 3rd period - Penalty to Adam Ollas-Mattsson is over, Adam Ollas-Mattsson is back on ice.
7:45 of 3rd period - Wrist shot by Benn Ferriero.
7:45 of 3rd period - Deflect By Martin Hanzal.
7:45 of 3rd period - Shot Blocked by Keegan Lowe.
7:45 of 3rd period - Puck is out of play.
7:46 of 3rd period - Chandler Stephenson wins face-off versus Benn Ferriero in Senators zone.
8:03 of 3rd period - Penalty to Anton Karlsson is over, Anton Karlsson is back on ice.
8:53 of 3rd period - Zachary Sanford is hit by Chandler Stephenson and loses puck.
9:15 of 3rd period - Snap shot by Blake Pietila.
9:15 of 3rd period - Shot Misses the Net.
9:17 of 3rd period - Slapshot by Scott Timmins.
9:17 of 3rd period - Shot Misses the Net.
9:33 of 3rd period - Wrist shot by Zemgus Girgensons.
9:33 of 3rd period - Stopped by Laurent Brossoit with a rebound.
10:09 of 3rd period - Slapshot by Vladimir Zharkov.
10:09 of 3rd period - Shot Blocked by Mason Geertsen.
10:52 of 3rd period - Zemgus Girgensons is hit by Jeffrey Foss and loses puck.
11:11 of 3rd period - Snap shot by Tomas Jurco.
11:11 of 3rd period - Stopped by Laurent Brossoit without a rebound.
11:12 of 3rd period - Kyle Rau wins face-off versus Chandler Stephenson in Wolfes zone.
11:19 of 3rd period - Slapshot by Tomas Jurco.
11:19 of 3rd period - Stopped by Laurent Brossoit with a rebound.
11:21 of 3rd period - Wrist shot by Jan Mursak.
11:21 of 3rd period - Stopped by Laurent Brossoit with a rebound.
11:23 of 3rd period - Slapshot by Scott Harrington.
11:23 of 3rd period - Stopped by Laurent Brossoit without a rebound.
11:24 of 3rd period - Nick Foligno wins face-off versus Victor Olofsson in Wolfes zone.
11:54 of 3rd period - Snap shot by Jamie Oleksiak.
11:54 of 3rd period - Stopped by Justin Peters with a rebound.
11:56 of 3rd period - Slapshot by Jeffrey Foss.
11:56 of 3rd period - Shot Misses the Net.
11:58 of 3rd period - Wrist shot by Alexandre Grenier.
11:58 of 3rd period - Shot Blocked by Scott Harrington.
12:16 of 3rd period - Michal Repik is hit by Anton Karlsson and loses puck.
12:46 of 3rd period - Off-side.
12:47 of 3rd period - Martin Hanzal wins face-off versus Nick Foligno in neutral zone.
12:52 of 3rd period - Zemgus Girgensons is hit by Anton Lindholm and loses puck.
13:07 of 3rd period - Matt Frattin is hit by Joe Morrow and loses puck.
13:29 of 3rd period - Wrist shot by Martin Hanzal.
13:29 of 3rd period - Shot Misses the Net.
13:31 of 3rd period - Wrist shot by Victor Olofsson.
13:31 of 3rd period - Goal by Victor Olofsson - Senators : 3 - Wolfes : 2.
13:32 of 3rd period - Chandler Stephenson wins face-off versus Scott Timmins in neutral zone.
13:43 of 3rd period - Snap shot by Tomas Jurco.
13:43 of 3rd period - Shot Blocked by Scott Timmins.
13:45 of 3rd period - Snap shot by Jan Mursak.
13:45 of 3rd period - Goal by Jan Mursak - Senators : 4 - Wolfes : 2.
13:46 of 3rd period - Zemgus Girgensons wins face-off versus Chris Tierney in neutral zone.
14:02 of 3rd period - Anton Lindholm is hit by Matt Frattin and loses puck.
14:17 of 3rd period - Slapshot by Joe Morrow.
14:17 of 3rd period - Stopped by Justin Peters without a rebound.
14:18 of 3rd period - Kyle Rau wins face-off versus Chandler Stephenson in Senators zone.
14:39 of 3rd period - Wrist shot by Zachary Sanford.
14:39 of 3rd period - Shot Misses the Net.
14:47 of 3rd period - Snap shot by Kyle Rau.
14:47 of 3rd period - Stopped by Justin Peters without a rebound.
14:48 of 3rd period - Zemgus Girgensons wins face-off versus Scott Timmins in Senators zone.
14:48 of 3rd period - Zemgus Girgensons is hit by Blake Pietila.
15:03 of 3rd period - Slapshot by Scott Timmins.
15:03 of 3rd period - Deflect By Blake Pietila.
15:03 of 3rd period - Stopped by Justin Peters with a rebound.
16:02 of 3rd period - Snap shot by Benn Ferriero.
16:02 of 3rd period - Shot Misses the Net.
16:24 of 3rd period - Wrist shot by Patrick Maroon.
16:24 of 3rd period - Stopped by Laurent Brossoit with a rebound.
16:34 of 3rd period - Snap shot by Andy Andreoff.
16:34 of 3rd period - Stopped by Laurent Brossoit without a rebound.
16:35 of 3rd period - Martin Hanzal wins face-off versus Jake Evans in Wolfes zone.
16:35 of 3rd period - Martin Hanzal is hit by Michal Repik.
16:40 of 3rd period - Off-side.
16:41 of 3rd period - Zemgus Girgensons wins face-off versus Martin Hanzal in neutral zone.
16:54 of 3rd period - Sergei Plotnikov is hit by Adam Ollas-Mattsson and loses puck.
17:09 of 3rd period - Wrist shot by Vladimir Zharkov.
17:09 of 3rd period - Stopped by Justin Peters with a rebound.
17:11 of 3rd period - Wrist shot by Zachary Sanford.
17:11 of 3rd period - Stopped by Justin Peters without a rebound.
17:12 of 3rd period - Kyle Rau wins face-off versus Jake Evans in Senators zone.
17:15 of 3rd period - Wrist shot by Vladimir Zharkov.
17:15 of 3rd period - Stopped by Justin Peters with a rebound.
17:21 of 3rd period - Slapshot by Jake Evans.
17:21 of 3rd period - Stopped by Laurent Brossoit with a rebound.
17:23 of 3rd period - Slapshot by Mason Geertsen.
17:23 of 3rd period - Stopped by Laurent Brossoit with a rebound.
17:25 of 3rd period - Slapshot by Adam Ollas-Mattsson.
17:25 of 3rd period - Stopped by Laurent Brossoit without a rebound.
17:26 of 3rd period - Zemgus Girgensons wins face-off versus Martin Hanzal in Wolfes zone.
17:39 of 3rd period - Wrist shot by Matt Frattin.
17:39 of 3rd period - Shot Blocked by Victor Olofsson.
17:41 of 3rd period - Slapshot by Zemgus Girgensons.
17:41 of 3rd period - Stopped by Laurent Brossoit without a rebound.
17:42 of 3rd period - Kyle Rau wins face-off versus Jake Evans in Wolfes zone.
17:44 of 3rd period - Minor Penalty to Vladimir Zharkov for Diving.
17:45 of 3rd period - Chris Tierney wins face-off versus Nick Foligno in Wolfes zone.
17:45 of 3rd period - Chris Tierney is hit by Keegan Lowe.
18:35 of 3rd period - Matt Frattin is hit by Martin Hanzal and loses puck.
18:48 of 3rd period - Anton Lindholm is hit by Adam Ollas-Mattsson and loses puck.
19:44 of 3rd period - Penalty to Vladimir Zharkov is over, Vladimir Zharkov is back on ice.
19:49 of 3rd period - Snap shot by Grant Besse.
19:49 of 3rd period - Shot Misses the Net.
19:55 of 3rd period - Slapshot by Scott Harrington.
19:55 of 3rd period - Goal by Scott Harrington - Senators : 5 - Wolfes : 2.
19:56 of 3rd period - Chandler Stephenson wins face-off versus Martin Hanzal in neutral zone.
Goals for this period are 4 for Senators vs 1 for Wolfes.
Shots for this period are 17 for Senators vs 16 for Wolfes.
Back to the Top